cohdb
Replays
Latest Replays
All Replays
Popular Replays
Top Player Replays
Match Explorer
How It Works
Community
CoH3 Stats
Reddit
Sign in to upload your games and track your stats! →
Sign in with Steam
Match 38699809
Unlisted
Match 38699809
Overview
Messages
Build Orders
End
Kradschützen Motorcycle Team
Selects Italian Combined Arms Battlegroup
Selects Italian Combined Arms Battlegroup
Selects Bersaglieri Squad
Bersaglieri Squad
Bersaglieri Squad
250 Light Carrier
Construct Light Support Kompanie
Combat Half-tracks
Bersaglieri Squad
Selects Bersaglieri Bolster
Fire Support Elements
Panzerjäger Mechanized Group
Selects Breda Model 30 Light Machine Guns
Veteran Squad Leaders
Bersaglieri Squad
2.5-tonne Medical Truck
Assault Mechanized Group
Selects Semovente da 75/18 Assault Gun
Selects Strafing Run
Selects Artillery Cover
Construct Panzerarmee Kommand
Armored Reserves
Rommels Zirkus
FeriG
0
0
Comments
sign in to comment!
No comments posted yet!